 Dungeon Crawl Stone Soup version 0.23.1-37-gaa34b87b72 (webtiles) character file.

Game seed: 549106766716498769

9818 PikkenKukken the Slicer (level 11, -12/67 HPs)
             Began as a Kobold Enchanter on Mar 23, 2019.
             Was a Priest of Ashenzari.
             Mangled by a five-headed hydra (17 damage)
             ... on level 1 of the Lair of Beasts on Mar 24, 2019.
             The game lasted 00:37:26 (12573 turns).

PikkenKukken the Slicer (Kobold Enchanter)         Turns: 12573, Time: 00:37:26

Health: -12/67     AC:  4    Str:  8    XL:     11   Next: 81%
Magic:  8/19       EV: 22    Int: 17    God:    Ashenzari [***...]
Gold:   245        SH: 10    Dex: 19    Spells: 6/20 levels left

rFire    . . .     SeeInvis +   u - +9 dagger "Efacra Enupy" {drain, Dex+3} (curse)
rCold    . . .     Gourm    .   s - +3 buckler (curse)
rNeg     . . .     Faith    .   b - +0 robe
rPois    .         Spirit   .   m - +0 helmet
rElec    .         Reflect  .   c - +0 cloak
rCorr    .         Harm     .   (no gloves)
MR       .....                  (no boots)
Stlth    ++++......             (no amulet)
HPRegen  0.21/turn              (no ring)
MPRegen  0.16/turn              (no ring)

@: no status effects
A: small, carnivore
a: Curse Item, Scrying, Renounce Religion


You were on level 1 of the Lair of Beasts.
You worshipped Ashenzari.
Ashenzari was most pleased with you.
You were completely stuffed.

You visited 2 branches of the dungeon, and saw 12 of its levels.

You collected 707 gold pieces.
You spent 462 gold pieces at shops.

Inventory:

Hand Weapons
 a - a +2 dagger
 u - the cursed +9 dagger "Efacra Enupy" (weapon) {drain, Dex+3}
   (You bought it in a shop on level 7 of the Dungeon)

   A truly terrible weapon, it drains the life of those it strikes.
   It affects your dexterity (+3).
   It has a curse placed upon it.
Missiles
 e - 3 poisoned tomahawks (quivered)
 I - 99 arrows
Armour
 b - a +0 robe (worn)
 c - a +0 cloak (worn)
 m - a +0 helmet (worn)
 s - a cursed +3 buckler (worn)
Jewellery
 C - an uncursed ring of flight
 K - a +3 ring of dexterity
Wands
 k - a wand of random effects (21)
 D - a wand of iceblast (7)
 E - a wand of acid (7)
 J - a wand of flame (10)
Scrolls
 h - 2 scrolls of fear
 i - 2 scrolls of identify
 n - 8 scrolls of remove curse
 p - 4 scrolls of enchant weapon
 q - 4 scrolls of amnesia
 y - 3 scrolls of teleportation
 A - 2 scrolls of magic mapping
 B - a scroll of enchant armour
Potions
 f - 4 potions of curing
 g - a potion of flight
 j - 4 potions of agility
 l - 2 potions of mutation
 o - 4 potions of heal wounds
 r - a potion of lignification
 t - 2 potions of magic
 v - a potion of cancellation
 w - a potion of resistance
 x - a potion of might
 z - a potion of brilliance
 G - a potion of ambrosia
 H - a potion of invisibility
Comestibles
 d - 16 rations
 F - 10 chunks of flesh


   Skills:
 + Level 7.1 Fighting
 - Level 9.2(12.0) Short Blades
 + Level 8.8 Dodging
 - Level 7.0 Stealth
 - Level 4.0(5.7) Shields
 - Level 5.4 Spellcasting
 + Level 7.5 Hexes
 - Level 4.1 Charms
 - Level 4.0 Necromancy
 - Level 4.0 Transmutations


You had 6 spell levels left.
You knew the following spells:

 Your Spells              Type           Power        Failure   Level  Hunger
a - Corona                Hex            ####...      1%          1    None
b - Ensorcelled Hibernat  Hex/Ice        ###...       4%          2    #......
c - Confuse               Hex            ####....     1%          3    ##.....
d - Tukima's Dance        Hex            ####....     1%          3    ##.....
e - Regeneration          Chrm/Necr      ###.......   8%          3    ##.....
f - Sticks to Snakes      Tmut           ###.....     4%          2    #......

Your spell library contained the following spells:

 Spells                   Type           Power        Failure   Level  Hunger
 Slow                     Hex            ####....     1%          2    #......
 Animate Skeleton         Necr           N/A          2%          1    None
 Beastly Appendage        Tmut           ###...       2%          1    None
 Pain                     Necr           ###.         2%          1    None
 Cause Fear               Hex            ####......   6%          4    ####...
 Vampiric Draining        Necr           ###.......   8%          3    ##.....
 Dazzling Spray           Conj/Hex       ###...       9%          3    ##.....
 Inner Flame              Hex/Fire       ###.....     9%          3    ##.....
 Portal Projectile        Hex/Tloc       ###...       9%          3    ##.....
 Freeze                   Ice            #...         14%         1    None
 Ozocubu's Armour         Chrm/Ice       ##......     17%         3    ##.....
 Spider Form              Tmut/Pois      ##........   19%         3    ##.....
 Throw Frost              Conj/Ice       #.....       21%         2    #......
 Animate Dead             Necr           N/A          26%         4    ####...
 Leda's Liquefaction      Hex/Erth       ###.......   28%         4    ####...
 Ice Form                 Ice/Tmut       ##......     52%         4    ####...
 Blade Hands              Tmut           ###.......   58%         5    ######.
 Summon Ice Beast         Ice/Summ       #.......     80%         4    ####...
 Throw Icicle             Conj/Ice       #.......     80%         4    ####...


Dungeon Overview and Level Annotations

Branches:
Dungeon (10/15)            Temple (0/1) D:5            Lair (2/6) D:10
  Swamp: Lair:2-4    Shoals: Lair:2-4     Snake: Lair:2-4    Spider: Lair:2-4
    Orc: D:9-12

Altars:
Ashenzari
Cheibriados
Dithmenos
Elyvilon
Fedhas
Okawaru
Qazlal
Trog
Uskayaw
Wu Jian
Yredelemnul
Zin
The Shining One

Shops:
D:5 ?   D:7 (?   D:8 ?

Annotations:
D:7 exclusions: 2 killer bees and 1 more exclusion
Lair:1 1 runed translucent door, SharpKris's ghost, novice SpFi


Innate Abilities, Weirdness & Mutations

You are small and have problems with some larger weapons.
You are carnivorous and can eat meat at any time.


Message History

Aim: a five-headed hydra (chance to defeat MR: 25%)
The five-headed hydra resists with almost no effort.
You block the five-headed hydra's attack.
The five-headed hydra bites you!
You block the five-headed hydra's attack.
The five-headed hydra misses you. The five-headed hydra bites you.
There is a stone staircase leading up, spattered with blood here.
The spiny frog barely misses you.
You block the five-headed hydra's attack.
The five-headed hydra completely misses you.
The five-headed hydra bites you.
You block the five-headed hydra's attack.
The five-headed hydra bites you! The spiny frog completely misses you.
You climb upwards.
Level annotation: 1 runed translucent door, SharpKris's ghost, novice SpFi
There is a stone staircase leading down here.
The spiny frog stings you!!
* * * LOW HITPOINT WARNING * * *
The five-headed hydra bites you!
You die...

......## ###### ###
.......###P##.###.#
......#.....÷..##.## ###
...........##.###..####.###
...........P#.# #.........## ###
..............# #..........####P#
..............# #................
..............###...........##P..
...............F@.#.##...........
......#....##..D..###♣♣#8...8#♣♣.
......#....#P>....# ♣{♣##+##♣.♣.
...........##.....# ♣{{.i♣♣i♣.♣.
......#....######## ♣♣..i♣♣W.♣♣.
...........#### ♣♣♣.i...♣..
>...=.#....##.# ,.♣...♣♣..
#...#.........# #♣♣. [..♣♣..
.............## #.♣♣♣♣♣♣♣...


You could see a five-headed hydra and a spiny frog.

Vanquished Creatures
  2 hydras (Lair:1)
  An oklob plant (D:10)
  A manticore (D:7)
  A black mamba (Lair:1)
  2 spiny frogs (Lair:1)
  Psyche (D:8)
  A hornet (D:8)
  3 hippogriffs
  5 blink frogs (Lair:2)
  6 yaks (Lair:1)
  5 water moccasins (Lair:1)
  2 porcupines (Lair:1)
  3 ice beasts
  3 orc warriors
  2 phantoms
  4 ogres
  5 crocodiles (Lair:1)
  A centaur (D:7)
  7 bullfrogs
  A scorpion (D:6)
  3 howler monkeys
  4 wights
  2 crimson imps
  4 hounds
  2 quasits (D:10)
  3 centaur skeletons
  2 orc priests
  3 jellies
  Crazy Yiuf (D:2)
  2 iguanas
  Jessica (D:3)
  4 orc wizards
  Natasha (thrice) (D:2)
  A bullfrog skeleton (D:8)
  5 worker ants
  Robin (D:2)
  8 adders
  6 worms
  2 dart slugs
  4 leopard geckos
  18 orcs
  3 ball pythons
  8 giant cockroaches
  17 goblins
  6 hobgoblins
  10 jackals
  7 kobolds
  2 quokkas
  8 bats
  6 frilled lizards
  A jackal skeleton (D:6)
  3 leopard gecko skeletons
  9 rats
215 creatures vanquished.

Vanquished Creatures (others)
  9 fungi (Lair:1)
  A plant (Lair:1)
10 creatures vanquished.

Grand Total: 225 creatures vanquished

Notes
Turn   | Place    | Note
-------+----------+-------------------------------------------
     0 | D:1      | PikkenKukken the Kobold Enchanter began the quest for the
                  | Orb.
     0 | D:1      | Reached XP level 1. HP: 10/10 MP: 3/3
    72 | D:1      | Reached XP level 2. HP: 10/16 MP: 3/5
   271 | D:1      | Reached skill level 1 in Fighting
   271 | D:1      | Reached skill level 2 in Short Blades
   510 | D:1      | Learned a level 2 spell: Ensorcelled Hibernation
   666 | D:1      | Reached XP level 3. HP: 17/20 MP: 6/6
  1444 | D:2      | Found a shattered altar of Ashenzari.
  1573 | D:2      | Found a runed translucent door.
  1574 | D:2      | Noticed Crazy Yiuf
  1650 | D:2      | Noticed Natasha
  1657 | D:2      | Killed Natasha
  1657 | D:2      | Reached XP level 4. HP: 26/26 MP: 0/7
  1742 | D:2      | Found a blossoming altar of Fedhas.
  1943 | D:2      | Noticed Natasha
  1948 | D:2      | Killed Natasha
  1948 | D:2      | Reached skill level 5 in Stealth
  1978 | D:2      | Noticed Natasha
  2001 | D:2      | Killed Natasha
  2001 | D:2      | Reached skill level 3 in Short Blades
  2001 | D:2      | Reached XP level 5. HP: 9/31 MP: 1/8
  2367 | D:2      | Found a stormy altar of Qazlal.
  2410 | D:2      | Killed Crazy Yiuf
  2450 | D:3      | Noticed Robin
  2562 | D:2      | Killed Robin
  2919 | D:2      | Became a worshipper of Ashenzari the Shackled
  2972 | D:2      | Reached XP level 6. HP: 13/36 MP: 1/9
  3346 | D:3      | Found a snail-covered altar of Cheibriados.
  3767 | D:3      | Learned a level 3 spell: Confuse
  3954 | D:3      | Noticed Jessica
  3959 | D:3      | Killed Jessica
  3959 | D:3      | Reached skill level 4 in Short Blades
  4083 | D:3      | Found a stormy altar of Qazlal.
  4514 | D:4      | Found an ornate altar of the Wu Jian Council.
  4520 | D:4      | Found a glowing golden altar of the Shining One.
  4844 | D:4      | Reached XP level 7. HP: 37/41 MP: 2/10
  5435 | D:4      | Reached skill level 5 in Dodging
  5556 | D:4      | Reached skill level 5 in Short Blades
  5798 | D:4      | Found a glowing silver altar of Zin.
  5806 | D:5      | Entered Level 5 of the Dungeon
  5832 | D:5      | Reached * piety under Ashenzari
  6229 | D:5      | Reached skill level 1 in Shields
  6229 | D:5      | Reached XP level 8. HP: 41/48 MP: 1/11
  6429 | D:5      | Found a hide-covered altar of Uskayaw.
  6429 | D:5      | Noticed a +0 hand axe
  6429 | D:5      | Noticed a +0 hand axe
  6472 | D:5      | Found Fuowe's Magic Scroll Boutique.
  6589 | D:5      | Bought a scroll of identify for 20 gold pieces
  6589 | D:5      | Bought a scroll of identify for 20 gold pieces
  6589 | D:5      | Bought a scroll of identify for 20 gold pieces
  6589 | D:5      | Bought a scroll of remove curse for 30 gold pieces
  6589 | D:5      | Bought a scroll of remove curse for 30 gold pieces
  6589 | D:5      | Bought a scroll of remove curse for 30 gold pieces
  6648 | D:5      | Found a staircase to the Ecumenical Temple.
  6672 | D:5      | Learned a level 3 spell: Tukima's Dance
  7106 | D:6      | Found a glowing drain.
  7768 | D:6      | Reached XP level 9. HP: 52/52 MP: 13/13
  7788 | D:6      | Reached skill level 6 in Short Blades
  7916 | D:6      | Found an iron altar of Okawaru.
  8281 | D:7      | Found a basalt altar of Yredelemnul.
  8324 | D:7      | Reached ** piety under Ashenzari
  8375 | D:7      | Found Zeun's Antique Weapon Emporium.
  8391 | D:7      | Bought a jewelled dagger for 147 gold pieces
  8391 | D:7      | Identified the +9 dagger "Efacra Enupy" {drain, Dex+3} (You
                  | bought it in a shop on level 7 of the Dungeon)
  8395 | D:7      | Found Jonu Xoul's Magic Scroll Boutique.
  8404 | D:7      | Bought a scroll of magic mapping for 45 gold pieces
  8514 | D:7      | Noticed a manticore
  8523 | D:7      | Killed a manticore
  8523 | D:7      | Reached skill level 7 in Short Blades
  8749 | D:8      | Noticed a hippogriff
  8754 | D:8      | Killed a hippogriff
  8754 | D:8      | Reached skill level 5 in Hexes
  8919 | D:8      | Noticed Psyche
  8924 | D:8      | Killed Psyche
  8924 | D:8      | Reached skill level 8 in Short Blades
  8924 | D:8      | Reached skill level 5 in Spellcasting
  9091 | D:8      | Noticed a hornet
  9098 | D:8      | Learned a level 3 spell: Regeneration
  9101 | D:8      | Learned a level 2 spell: Sticks to Snakes
  9119 | D:8      | Killed a hornet
  9119 | D:8      | Reached skill level 1 in Charms
  9119 | D:8      | Reached skill level 1 in Necromancy
  9119 | D:8      | Reached skill level 1 in Transmutations
  9119 | D:8      | Reached XP level 10. HP: 56/56 MP: 12/18
  9202 | D:8      | Found a shadowy altar of Dithmenos.
  9442 | D:8      | Found Yxkajebut's Magic Scroll Shoppe.
  9458 | D:8      | Bought a scroll of remove curse for 45 gold pieces
  9458 | D:8      | Bought a scroll of identify for 30 gold pieces
  9458 | D:8      | Bought a scroll of remove curse for 45 gold pieces
  9475 | D:8      | Found a white marble altar of Elyvilon.
 10326 | D:10     | Entered Level 10 of the Dungeon
 10326 | D:10     | Found a bloodstained altar of Trog.
 10326 | D:10     | Noticed an oklob plant
 10342 | D:10     | Killed an oklob plant
 10940 | D:10     | Found a staircase to the Lair.
 11097 | Lair:1   | Entered Level 1 of the Lair of Beasts
 11126 | Lair:1   | Reached *** piety under Ashenzari
 11171 | Lair:1   | Noticed a six-headed hydra
 11177 | Lair:1   | Killed a six-headed hydra
 11177 | Lair:1   | Reached skill level 9 in Short Blades
 11234 | Lair:1   | Reached XP level 11. HP: 62/62 MP: 12/19
 11240 | Lair:1   | Noticed a five-headed hydra
 11250 | Lair:1   | HP: 3/62 [black mamba (14)]
 11252 | Lair:1   | HP: 1/62 [poisoned by a black mamba]
 11575 | Lair:1   | Reached skill level 5 in Fighting
 11834 | Lair:1   | Found a runed translucent door.
 11836 | Lair:1   | Noticed SharpKris's ghost (novice SpFi)
 11838 | Lair:1   | Identified the +5 spear of the Reaper {freeze, *Corrode
                  | +Rage +Inv Str+6}
 12117 | Lair:1   | Noticed a spriggan rider
 12148 | Lair:1   | Killed a five-headed hydra
 12543 | Lair:2   | Noticed a five-headed hydra
 12573 | Lair:1   | Mangled by a five-headed hydra

Skill      XL: |  1  2  3  4  5  6  7  8  9 10 11 |
---------------+----------------------------------+-----
Fighting       | 1 2 3 4 7 |  7.1
Short Blades   | 2 3 4 5 8 9 |  9.2
Dodging        | 3 4 5 6 8 |  8.8
Stealth        | 5 6 7 |  7.0
Shields        | 1 4 |  4.0
Spellcasting   | 3 5 |  5.4
Hexes          | 5 7 |  7.5
Charms         | 1 4 |  4.1
Necromancy     | 1 4 |  4.0
Transmutations | 1 4 |  4.0

Action                   |  1- 3 |  4- 6 |  7- 9 | 10-12 || total
-------------------------+-------+-------+-------+-------++-------
Melee: Dagger            |   112 |   203 |   225 |   149 ||   689
Throw: Tomahawk          |     4 |       |       |       ||     4
 Cast: Corona            |     9 |     4 |       |     1 ||    14
       Ensorcelled Hiber |    13 |    35 |    59 |    41 ||   148
       Confuse           |       |     1 |     6 |    22 ||    29
       Regeneration      |       |       |       |     4 ||     4
       Sticks to Snakes  |       |       |       |    10 ||    10
Invok: Curse Item        |       |       |     2 |       ||     2
  Use: Scroll            |     6 |     4 |     7 |     9 ||    26
       Potion            |       |       |       |     1 ||     1
 Stab: Sleeping          |    15 |    13 |    40 |    31 ||    99
       Confused          |       |     1 |     2 |    11 ||    14
       Distracted        |       |       |     1 |     1 ||     2
  Eat: Chunk             |    12 |    13 |    18 |    12 ||    55
Armor: Robe              |    25 |    29 |    13 |     5 ||    72
Dodge: Dodged            |   105 |   153 |   130 |    59 ||   447
Block: Buckler           |       |       |    19 |    59 ||    78
